[Event "Titled Tuesday Blitz July 26 Late 2022"]
[White "Kravtsiv, Martyn"]
[Black "Domingo Nunez, Ruben"]
[WhiteFideId "14113147"]
[BlackFideId "22245570"]
[WhiteElo "2694"]
[BlackElo "2373"]
[Result "0-1"]
[Round "07"]
[TimeControl "180+1"]
[Date "2022.07.26"]
[WhiteClock "0:00:02"]
[BlackClock "0:00:02"]

1. e4 g6 2. d4 Bg7 3. Nc3 c6 4. f4 d5 5. e5 f6 6. Nf3 Nh6 7. Bd3 Bg4 8. O-O fxe5 9. fxe5 O-O 10. h3 Bxf3 11. Rxf3 Rxf3 12. Qxf3 e6 13. Ne2 c5 14. c3 Nc6 15. Be3 Qb6 16. b3 cxd4 17. cxd4 Nb4 18. Bb1 Rf8 19. Qg3 Qc6 20. Qe1 Nc2 21. Bxc2 Qxc2 22. Qd2 Qxd2 23. Bxd2 Rc8 24. Rc1 Rxc1+ 25. Bxc1 Nf5 26. g4 Ne7 27. a4 Nc6 28. Bd2 Bf8 29. Kf2 Be7 30. Be3 Bh4+ 31. Kf3 Kf7 32. Nc3 Be1 33. Nb5 Bb4 34. Kf4 h6 35. h4 Be7 36. Nd6+ Bxd6 37. exd6 Kf6 38. Kf3 g5 39. hxg5+ hxg5 40. Ke2 Nd8 41. Bc1 Nf7 42. Ba3 e5 43. d7 Ke6 44. dxe5 Kxd7 45. Bc1 Ke6 46. Be3 b6 47. Bd2 Kxe5 48. Kd3 d4 49. Bc1 Kd5 50. Bd2 Ne5+ 51. Ke2 Nxg4 52. Bxg5 Ke4 53. Kd2 Ne5 54. Bf6 Nf3+ 55. Ke2 d3+ 56. Kd1 Nd4 57. b4 Nc6 58. b5 Nd4 59. Kd2 Nb3+ 60. Kc3 Nc5 61. a5 Ke3 62. Bg5+ Ke2 63. axb6 axb6 64. Bh6 Ne4+ 65. Kd4 Nd6 66. Kd5 Nxb5 67. Kc6 Nd4+ 68. Kxb6 Nf5 69. Bc1 Kd1 70. Bf4 Nd4 0-1


[Site "https://www.chess.com"]

[Event "Titled Tuesday Blitz July 26 Late 2022"]
[White "Leenhouts, Koen"]
[Black "Agasarov, Benik"]
[WhiteFideId "1008439"]
[BlackFideId "13314823"]
[WhiteElo "2409"]
[BlackElo "2616"]
[Result "0-1"]
[Round "07"]
[TimeControl "180+1"]
[Date "2022.07.27"]
[WhiteClock "0:00:13"]
[BlackClock "0:01:39"]

1. e4 c6 2. d4 d5 3. e5 Bf5 4. Nc3 e6 5. g4 Bg6 6. Nge2 c5 7. h4 h5 8. Nf4 Bh7 9. g5 Ne7 10. Qxh5 cxd4 11. Nb5 Ng6 12. Nxg6 fxg6 13. Qg4 Bg8 14. Be2 Nc6 15. Bf4 Qa5+ 16. Bd2 Bb4 17. Nd6+ Kd7 18. O-O-O Nxe5 19. Qxd4 Bxd2+ 20. Rxd2 Kxd6 21. f4 Nc6 22. Qxg7 Qxa2 23. Rdd1 Rh7 24. Qxg6 Rc7 25. Bf3 Qa1+ 26. Kd2 Qxb2 27. Rhe1 Nd4 28. Ke3 Qc3+ 29. Kf2 Qxf3+ 30. Kg1 Qg3+ 31. Kf1 Qh3+ 32. Kf2 Rxc2+ 0-1


[Site "https://www.chess.com"]

[Event "Titled Tuesday Blitz July 26 Late 2022"]
[White "Leitao, Rafael"]
[Black "Kilpatrick, Callum"]
[WhiteFideId "2101246"]
[BlackFideId "414425"]
[WhiteElo "2609"]
[BlackElo "2351"]
[Result "1-0"]
[Round "07"]
[TimeControl "180+1"]
[Date "2022.07.26"]
[WhiteClock "0:00:26"]
[BlackClock "0:00:02"]

1. c4 e5 2. Nc3 Nf6 3. Nf3 Nc6 4. e4 Bb4 5. d3 O-O 6. a3 Bxc3+ 7. bxc3 d6 8. Be2 h6 9. O-O b6 10. Ne1 Bb7 11. g3 Qe7 12. Ng2 Nd7 13. Ne3 Nc5 14. Nf5 Qf6 15. f4 exf4 16. Bxf4 Qxc3 17. Rc1 Qxa3 18. Bxh6 gxh6 19. Qd2 Ne6 20. Qxh6 Qb2 21. Qh5 Qe5 22. Kh1 Rae8 23. Rf4 Ncd4 24. Rg4+ Ng7 25. Rxg7+ Qxg7 26. Nxg7 Kxg7 27. Qg5+ Kh8 28. Qh6+ Kg8 29. Qg5+ Kh7 30. Rf1 f5 31. Qh5+ Kg7 32. Qg5+ Kh7 33. Rf4 Nxe2 34. Rh4# 1-0


[Site "https://www.chess.com"]

[Event "Titled Tuesday Blitz July 26 Late 2022"]
[White "Madaminov, Mukhiddin"]
[Black "Kovacevic, Radmila"]
[WhiteFideId "14210703"]
[BlackFideId "933171"]
[WhiteElo "2011"]
[BlackElo "2157"]
[Result "1-0"]
[Round "07"]
[TimeControl "180+1"]
[Date "2022.07.26"]
[WhiteClock "0:01:56"]
[BlackClock "0:00:03"]

1. d4 e5 2. dxe5 Nc6 3. Nf3 Qe7 4. Nc3 Nxe5 5. Nd5 Nxf3+ 6. gxf3 Qd8 7. Bf4 d6 8. Qd4 Be6 9. O-O-O Ne7 10. e4 Ng6 11. Bg3 a6 12. h4 h5 13. f4 Bg4 14. Re1 Qd7 15. f5 Bf3 16. Rg1 Ne7 17. Qc3 Nxd5 18. exd5+ Be7 19. f6 gxf6 20. Qxf3 O-O-O 21. Bd3 Kb8 22. Bf5 Qe8 23. Qe2 1-0


[Site "https://www.chess.com"]

[Event "Titled Tuesday Blitz July 26 Late 2022"]
[White "Maksimovic, Bojan"]
[Black "Zhu, Jiner"]
[WhiteFideId "14408120"]
[BlackFideId "8608059"]
[WhiteElo "2453"]
[BlackElo "2281"]
[Result "1-0"]
[Round "07"]
[TimeControl "180+1"]
[Date "2022.07.26"]
[WhiteClock "0:02:11"]
[BlackClock "0:01:27"]

1. e4 e5 2. Nf3 Nc6 3. Bb5 a6 4. Ba4 Nf6 5. O-O b5 6. Bb3 Be7 7. Re1 O-O 8. a4 b4 9. d3 Bb7 10. Nbd2 d5 11. exd5 Nxd5 12. Nc4 Nd4 13. Nxd4 exd4 14. Na5 Bc8 15. Nc6 Qd6 16. Bxd5 Bf6 17. Qf3 Kh8 18. Bf4 Qc5 19. Ne5 Rb8 20. Nxf7+ Rxf7 21. Bxf7 Bb7 22. Qxb7 1-0


[Site "https://www.chess.com"]

[Event "Titled Tuesday Blitz July 26 Late 2022"]
[White "Martin Carmona, Gaston Manuel"]
[Black "Oro, Luis"]
[WhiteFideId "22284567"]
[BlackFideId "104094"]
[WhiteElo "2162"]
[BlackElo "2360"]
[Result "0-1"]
[Round "07"]
[TimeControl "180+1"]
[Date "2022.07.27"]
[WhiteClock "0:00:17"]
[BlackClock "0:00:09"]

1. e4 c5 2. Nf3 d6 3. d4 cxd4 4. Nxd4 Nf6 5. Nc3 a6 6. Be3 e5 7. Nb3 Be7 8. f3 Be6 9. Qd2 O-O 10. O-O-O b5 11. g4 Nbd7 12. Rg1 b4 13. Nd5 Bxd5 14. exd5 Nb6 15. Na5 Qc7 16. Nc6 Rfe8 17. g5 Nfd7 18. h4 a5 19. Bd3 Rac8 20. Be4 Nc4 21. Qd3 Nxe3 22. Qxe3 Nc5 23. Kb1 Bd8 24. h5 Qd7 25. g6 fxg6 26. hxg6 h6 27. Qe2 Bb6 28. Rh1 Bd8 29. Rh5 Rf8 30. Qh2 Nxe4 31. fxe4 Qg4 32. Re1 Qxg6 33. Rh3 Bg5 34. Rg3 Qf6 35. Qg2 Rc7 36. b3 Qf2 37. Qxf2 Rxf2 38. Reg1 a4 39. bxa4 Rf4 40. Rg4 Rf2 41. a5 Kh7 42. a6 Rc8 43. a7 Ra8 44. Kb2 Rf7 45. Rh1 Be3 46. Rh3 Bxa7 47. Nxb4 Bd4+ 48. c3 Bc5 49. a3 g6 50. Rh1 h5 51. Rg2 Raf8 52. Re2 Rf2 53. Re1 Rxe2+ 54. Rxe2 h4 55. a4 g5 56. Kb3 g4 57. a5 h3 58. Nd3 g3 59. Nxc5 dxc5 60. d6 g2 61. Re1 h2 0-1


[Site "https://www.chess.com"]

[Event "Titled Tuesday Blitz July 26 Late 2022"]
[White "Matinian, Nikita"]
[Black "Nagy, Gabor"]
[WhiteFideId "24129100"]
[BlackFideId "737119"]
[WhiteElo "2422"]
[BlackElo "2530"]
[Result "0-1"]
[Round "07"]
[TimeControl "180+1"]
[Date "2022.07.26"]
[WhiteClock "0:00:03"]
[BlackClock "0:01:08"]

1. e4 Nf6 2. e5 Nd5 3. d4 Nb6 4. a4 a5 5. Nf3 d6 6. Bd3 g6 7. c3 Bg7 8. Bf4 O-O 9. Qe2 Nc6 10. Nbd2 Bg4 11. h3 Bxf3 12. Nxf3 dxe5 13. Nxe5 Nxe5 14. Bxe5 Nd5 15. O-O e6 16. g3 c6 17. Bxg7 Kxg7 18. h4 Qf6 19. f4 Rfd8 20. Rad1 Ne7 21. Kg2 Rd7 22. h5 Rad8 23. Rh1 Kg8 24. hxg6 hxg6 25. Be4 Nf5 26. Bxf5 exf5 27. Qe5 Qxe5 28. fxe5 c5 29. Rd3 cxd4 30. Rhd1 Re7 31. cxd4 Rd5 32. Kf3 Kg7 33. g4 fxg4+ 34. Kxg4 f6 35. exf6+ Kxf6 36. Rf1+ Kg7 37. Rf4 Red7 38. Rb3 Rxd4 39. Rb5 Rxf4+ 40. Kxf4 Rd4+ 41. Kg5 Rb4 42. Rxa5 Rxb2 43. Rc5 Rg2+ 44. Kf4 Kf6 45. Rb5 Ra2 46. Rb6+ Kg7 47. Rxb7+ Kh6 48. Rb4 Kh5 49. Kg3 Ra3+ 50. Kg2 g5 51. Rc4 g4 52. Rb4 Kh4 53. a5 Ra2+ 54. Kg1 Kh3 55. Rb8 Ra1+ 56. Kf2 g3+ 57. Kf3 Ra3+ 58. Kf4 Rxa5 59. Rh8+ Kg2 60. Rg8 Ra4+ 61. Kf5 Kf3 0-1


[Site "https://www.chess.com"]

[Event "Titled Tuesday Blitz July 26 Late 2022"]
[White "Medeiros Jr, Francisco De Assis"]
[Black "Daggupati, Balaji"]
[WhiteFideId "2114267"]
[BlackFideId "2090759"]
[WhiteElo "2020"]
[BlackElo "2711"]
[Result "0-1"]
[Round "07"]
[TimeControl "180+1"]
[Date "2022.07.26"]
[WhiteClock "0:01:34"]
[BlackClock "0:02:21"]

1. d4 d5 2. Nf3 Nf6 3. Bg5 Ne4 4. Bf4 Bf5 5. Nbd2 e6 6. h3 h6 7. e3 Bd6 8. Bxd6 Qxd6 9. Bd3 O-O 10. O-O Nd7 11. Qe2 c5 12. c3 Nxd2 13. Qxd2 Bxd3 14. Qxd3 Rac8 15. Rfe1 Nf6 16. Ne5 Ne4 17. f3 Nf6 18. a3 Rfd8 19. b4 cxd4 20. cxd4 Rc7 21. Rec1 Rdc8 22. Rxc7 Qxc7 23. Rd1 Ne8 24. Rd2 Nd6 25. Kh2 f6 0-1


[Site "https://www.chess.com"]

[Event "Titled Tuesday Blitz July 26 Late 2022"]
[White "Melikyan, Gnel"]
[Black "Kopczynski, Michal"]
[WhiteFideId "54109990"]
[BlackFideId "1124200"]
[WhiteElo "1772"]
[BlackElo "2235"]
[Result "0-1"]
[Round "07"]
[TimeControl "180+1"]
[Date "2022.07.26"]
[WhiteClock "0:00:04"]
[BlackClock "0:00:06"]

1. b3 d6 2. Bb2 e5 3. d4 exd4 4. Bxd4 Nc6 5. Bb2 Nf6 6. Nf3 Be7 7. g3 O-O 8. Bg2 Bf5 9. O-O Qd7 10. Re1 Bh3 11. Bh1 h6 12. Nbd2 Rad8 13. e4 Rfe8 14. c4 Ne5 15. Qc2 Ng6 16. Rad1 Qg4 17. Nf1 Qh5 18. e5 dxe5 19. Nxe5 Nxe5 20. Bxe5 Bf5 21. Qc1 Ba3 22. Rxd8 Bxc1 23. Rxe8+ Nxe8 24. Rxc1 f6 25. Bf4 c6 26. Ne3 Bh3 27. Re1 g5 28. Bb8 f5 29. Bxa7 f4 30. Nf1 Nf6 31. Bd4 Ng4 32. Bg2 f3 33. Bxf3 Bxf1 34. Bxg4 Qxg4 35. Kxf1 Qxd4 36. Re7 b6 37. a4 Qd3+ 38. Kg2 Qxb3 39. Re6 Qxc4 40. Rxh6 Kg7 41. Rd6 Qc5 42. Rd3 Qc4 43. Re3 Qxa4 44. h4 gxh4 45. gxh4 b5 46. h5 b4 47. Re7+ Kh6 48. Re5 b3 49. Re6+ Kxh5 50. Re5+ Kg6 51. Re4 Qxe4+ 0-1


[Site "https://www.chess.com"]

[Event "Titled Tuesday Blitz July 26 Late 2022"]
[White "Mica, Marek"]
[Black "Yedidia, Daniel"]
[WhiteFideId "382884"]
[BlackFideId "30905907"]
[WhiteElo "2100"]
[BlackElo "2542"]
[Result "1-0"]
[Round "07"]
[TimeControl "180+1"]
[Date "2022.07.27"]
[WhiteClock "0:00:42"]
[BlackClock "0:00:18"]

1. d4 Nf6 2. c4 e6 3. Nf3 b6 4. g3 Ba6 5. b3 Bb4+ 6. Bd2 c5 7. Bxb4 cxb4 8. Bg2 Bb7 9. O-O O-O 10. Nbd2 d5 11. Rc1 Qe7 12. Re1 a5 13. Ne5 Rd8 14. cxd5 exd5 15. Qc2 Ne8 16. Nd3 Nc6 17. e3 Rac8 18. Qb2 Qd6 19. Nf4 Na7 20. Rxc8 Rxc8 21. Rc1 Rxc1+ 22. Qxc1 Nb5 23. Qc2 Nc3 24. a4 Nf6 25. Qf5 g6 26. Qd3 Bc8 27. Nf3 Bf5 28. Qa6 Kg7 29. h4 Bc2 30. Qb7 Nd7 31. Bh3 Nf6 32. Ne5 Qf8 33. Ne6+ Kg8 34. Nxf8 1-0


[Site "https://www.chess.com"]

[Event "Titled Tuesday Blitz July 26 Late 2022"]
[White "Miszler, Levente"]
[Black "Wagner, Dennis"]
[WhiteFideId "763276"]
[BlackFideId "24650684"]
[WhiteElo "1966"]
[BlackElo "2355"]
[Result "0-1"]
[Round "07"]
[TimeControl "180+1"]
[Date "2022.07.26"]
[WhiteClock "0:01:43"]
[BlackClock "0:02:06"]

1. Nf3 d5 2. c4 d4 3. e3 Nc6 4. exd4 Nxd4 5. Nxd4 Qxd4 6. Nc3 Nf6 7. d3 c6 8. Be3 Qd6 9. h3 Bf5 10. d4 e6 11. Bd3 Bxd3 12. Qxd3 Be7 13. O-O O-O 14. Rad1 Rad8 15. Rfe1 a6 16. Qe2 h6 17. a3 b5 18. c5 Qc7 19. Qf3 Nd5 20. Ne4 f5 21. Ng3 f4 22. Nh5 fxe3 23. Qg4 exf2+ 24. Kh1 fxe1=Q+ 25. Rxe1 Rf7 26. Rxe6 Rf1# 0-1


[Site "https://www.chess.com"]

[Event "Titled Tuesday Blitz July 26 Late 2022"]
[White "Oparin, Grigoriy"]
[Black "Andreikin, Dmitry"]
[WhiteFideId "24125890"]
[BlackFideId "4158814"]
[WhiteElo "2639"]
[BlackElo "2736"]
[Result "1/2-1/2"]
[Round "07"]
[TimeControl "180+1"]
[Date "2022.07.26"]
[WhiteClock "0:00:39"]
[BlackClock "0:00:38"]

1. e4 c5 2. Nf3 e6 3. d4 cxd4 4. Nxd4 Nc6 5. Nc3 a6 6. Be3 Nf6 7. a3 Qc7 8. Nxc6 bxc6 9. Bd3 d5 10. O-O Be7 11. Qf3 O-O 12. Qg3 Qxg3 13. hxg3 Rb8 14. b4 Rd8 15. Bf4 Ra8 16. Rfd1 Bb7 17. exd5 cxd5 18. Na4 Rac8 19. Rac1 h6 20. Be2 Ne4 21. c4 g5 22. Be3 dxc4 23. Rxd8+ Bxd8 24. Rxc4 Rxc4 25. Bxc4 Nd6 26. Bd3 Bc6 27. Nc5 a5 28. g4 axb4 29. axb4 Bf6 30. Nb3 Bd5 31. Nd4 Nc4 32. Bxc4 Bxc4 33. b5 e5 34. Nf5 Bxb5 35. Nxh6+ Kg7 36. Nf5+ Kg6 37. Ng3 Bd7 38. f3 Be7 39. Kf2 Bd6 40. Ne4 Be7 41. Ng3 Bd8 42. Ne4 Be7 43. Ng3 1/2-1/2


[Site "https://www.chess.com"]

[Event "Titled Tuesday Blitz July 26 Late 2022"]
[White "Ovezdurdyyeva, Jemal"]
[Black "Burke, Paul"]
[WhiteFideId "14001888"]
[BlackFideId "2605767"]
[WhiteElo "1946"]
[BlackElo "1915"]
[Result "0-1"]
[Round "07"]
[TimeControl "180+1"]
[Date "2022.07.27"]
[WhiteClock "0:00:13"]
[BlackClock "0:00:01"]

1. e4 e5 2. Nf3 Nc6 3. Bc4 Be7 4. O-O Nf6 5. Re1 Nxe4 6. Rxe4 d5 7. Bxd5 Qxd5 8. Nc3 Qd8 9. Nxe5 Nxe5 10. Rxe5 O-O 11. d4 Bd6 12. Re3 Qh4 13. h3 Bd7 14. Rf3 Bg4 15. hxg4 Qh2+ 16. Kf1 Qh1+ 17. Ke2 Qxg2 18. Be3 Qxg4 19. Qg1 Qh5 20. Qg2 f5 21. Rh1 Qf7 22. Kd1 f4 23. Bd2 Rae8 24. Qh3 h6 25. Rg1 Qf6 26. Ne2 g5 27. Nxf4 Bxf4 28. Rxf4 Qg6 29. Qb3+ Kh8 30. Rxf8+ Rxf8 31. Kc1 Rxf2 32. Qxb7 Qd6 33. d5 Rxd2 34. Qc8+ Kh7 35. Kxd2 Qf4+ 36. Ke2 Qe4+ 37. Kf2 Qf4+ 38. Kg2 Qg4+ 39. Kh2 Qxc8 0-1


[Site "https://www.chess.com"]

[Event "Titled Tuesday Blitz July 26 Late 2022"]
[White "Ozer, Omer Faruk"]
[Black "Grigorov, Grigor"]
[WhiteFideId "6354564"]
[BlackFideId "2907313"]
[WhiteElo "2050"]
[BlackElo "2510"]
[Result "1-0"]
[Round "07"]
[TimeControl "180+1"]
[Date "2022.07.26"]
[WhiteClock "0:00:44"]
[BlackClock "0:00:09"]

1. e4 c6 2. d4 d5 3. e5 Bf5 4. Nc3 e6 5. g4 Bg6 6. Nge2 c5 7. Be3 Nc6 8. dxc5 h5 9. Nd4 hxg4 10. Bb5 Ne7 11. Qxg4 a6 12. Bxc6+ Nxc6 13. Nxe6 Qd7 14. Nxd5 Rc8 15. Nb6 Qxe6 16. Qxe6+ fxe6 17. Nxc8 Bxc2 18. f4 Be4 19. O-O Rh3 20. Rae1 Nb4 21. Nd6+ Bxd6 22. cxd6 Nc2 23. Bf2 Nxe1 24. Rxe1 Bc6 25. Bg3 Kd7 26. Kf2 Rh5 27. Rg1 g5 28. Ke3 Bd5 29. b3 Bc6 30. Kd4 g4 31. Kc5 Bf3 32. Kb6 Bc6 33. Rc1 Rh8 34. a4 Rc8 35. b4 Bxa4 36. Rxc8 Kxc8 37. f5 exf5 38. e6 1-0


[Site "https://www.chess.com"]

[Event "Titled Tuesday Blitz July 26 Late 2022"]
[White "Paravyan, David"]
[Black "Schwabeneder, Florian"]
[WhiteFideId "4194985"]
[BlackFideId "1626191"]
[WhiteElo "2569"]
[BlackElo "2275"]
[Result "1-0"]
[Round "07"]
[TimeControl "180+1"]
[Date "2022.07.26"]
[WhiteClock "0:01:39"]
[BlackClock "0:00:01"]

1. e4 e6 2. d4 d5 3. Nc3 Nc6 4. e5 f6 5. Bb5 Bd7 6. Nf3 a6 7. Bxc6 Bxc6 8. h4 Qd7 9. h5 Qf7 10. Bd2 h6 11. Qe2 Ne7 12. O-O-O O-O-O 13. Kb1 Bd7 14. a3 Nc6 15. Bf4 f5 16. Nh4 Ne7 17. g3 Be8 18. Ng2 Nc6 19. Na2 Na5 20. Bc1 Nc4 21. Nf4 Qd7 22. g4 fxg4 23. Qxg4 Bf7 24. Rh3 Rg8 25. Ka1 Be7 26. Ng6 Bxg6 27. Qxg6 Rdf8 28. f4 Bd8 29. a4 a5 30. b3 Nb6 31. Bd2 Qf7 32. Rg1 Nd7 33. Nc1 c6 34. Nd3 Bb6 35. Be3 Kd8 36. Kb2 Qxg6 37. Rxg6 Ke7 38. c3 Rf5 39. Kc2 Kf7 40. Rg4 Nf8 41. Nf2 g6 42. hxg6+ Rxg6 43. Rxg6 Kxg6 44. Ng4 h5 45. Nf6 Bd8 46. Ne8 h4 47. Nd6 Rh5 48. Nxb7 Be7 49. b4 axb4 50. a5 Kf5 51. a6 Nd7 52. a7 Nb6 53. c4 dxc4 54. d5 Nxd5 55. a8=Q b3+ 56. Kb2 Kg4 57. Qe8 Rf5 58. Rh1 Nxe3 59. Qg6+ Kxf4 60. Nd6 Rxe5 61. Qf7+ Kg3 62. Qxe7 Rd5 63. Qxh4+ 1-0


[Site "https://www.chess.com"]

[Event "Titled Tuesday Blitz July 26 Late 2022"]
[White "Peng, David Yu"]
[Black "Deviprasath, Sharvesh"]
[WhiteFideId "2605376"]
[BlackFideId "30938228"]
[WhiteElo "2166"]
[BlackElo "2102"]
[Result "0-1"]
[Round "07"]
[TimeControl "180+1"]
[Date "2022.07.27"]
[WhiteClock "0:00:07"]
[BlackClock "0:00:12"]

1. e4 g6 2. d4 Bg7 3. Nc3 d6 4. f4 a6 5. a4 Nc6 6. d5 Nd4 7. Be3 c5 8. Nge2 Bg4 9. h3 Bxe2 10. Bxe2 Nf6 11. O-O Nxe2+ 12. Qxe2 O-O 13. f5 Rb8 14. a5 b5 15. axb6 Qxb6 16. Rfb1 Nd7 17. Rxa6 Qc7 18. Raa1 Rxb2 19. Rxb2 Bxc3 20. Bc1 Ne5 21. Ra3 Bxb2 22. Bxb2 Rb8 23. Bxe5 dxe5 24. fxg6 hxg6 25. Rb3 Rb4 26. Qf3 Kg7 27. Qc3 Rxe4 28. Rb5 c4 29. Qf3 Qa7+ 30. Kh2 Rf4 31. Qe2 Qd4 32. Rb7 Rf2 33. Qg4 Qxg4 34. hxg4 Kf6 35. Rc7 Rxc2 36. Rc6+ Kg5 37. Kh3 Rc3+ 38. g3 e4 39. Rc7 Kf6 40. Rc6+ e6 41. dxe6 fxe6 42. g5+ Kf5 43. Kh4 e3 44. g4+ Ke5 45. Rc5+ Kd4 46. Rc6 e5 47. Rxg6 e2 48. Rd6+ Ke4 0-1


[Site "https://www.chess.com"]

[Event "Titled Tuesday Blitz July 26 Late 2022"]
[White "Petrovic, Aleksa"]
[Black "Rose, Felix"]
[WhiteFideId "967629"]
[BlackFideId "5105722"]
[WhiteElo "2185"]
[BlackElo "2039"]
[Result "1-0"]
[Round "07"]
[TimeControl "180+1"]
[Date "2022.07.27"]
[WhiteClock "0:00:07"]
[BlackClock "0:00:02"]

1. e4 e5 2. Nf3 Nc6 3. Bb5 a6 4. Ba4 Nf6 5. O-O Be7 6. Re1 b5 7. Bb3 d6 8. c3 O-O 9. d4 Bg4 10. Be3 exd4 11. cxd4 Na5 12. Bc2 c5 13. Nbd2 Re8 14. h3 Bh5 15. Qb1 Bg6 16. Nh4 cxd4 17. Bxd4 Nc6 18. Be3 Bf8 19. Nxg6 hxg6 20. a4 Ne5 21. Qa2 d5 22. Bg5 dxe4 23. Bxe4 Rb8 24. Rad1 Qa5 25. f4 Nxe4 26. Rxe4 Nd3 27. Rxe8 Rxe8 28. Nf3 Qb6+ 29. Kh2 Qf2 30. Bh4 Qe3 31. Rxd3 Qxd3 32. Ne5 Qf5 33. Bg3 g5 34. Nf3 gxf4 35. Bh4 1-0


[Site "https://www.chess.com"]

[Event "Titled Tuesday Blitz July 26 Late 2022"]
[White "Pinheiro, Iung Alicio de O."]
[Black "Isajevsky, Anton"]
[WhiteFideId "2104350"]
[BlackFideId "4142500"]
[WhiteElo "2283"]
[BlackElo "2510"]
[Result "1-0"]
[Round "07"]
[TimeControl "180+1"]
[Date "2022.07.26"]
[WhiteClock "0:00:40"]
[BlackClock "0:00:01"]

1. e4 c5 2. Nf3 d6 3. d4 cxd4 4. Nxd4 Nf6 5. Nc3 a6 6. f3 e5 7. Nb3 Be6 8. Be3 Be7 9. Qd2 h5 10. Nd5 Bxd5 11. exd5 O-O 12. Be2 a5 13. Rc1 a4 14. Na1 Nbd7 15. O-O Qa5 16. Qxa5 Rxa5 17. c4 Bd8 18. Kh1 Bb6 19. Bd2 Raa8 20. Nc2 e4 21. Na3 exf3 22. Bxf3 Ne5 23. Be2 Ne4 24. Be1 g6 25. Nb5 Bc5 26. b4 axb3 27. axb3 f5 28. b4 Be3 29. Rd1 Rac8 30. Na3 Ra8 31. Nc2 Bb6 32. Nd4 Bxd4 33. Rxd4 Ra1 34. Bf3 Rfa8 35. Bxe4 fxe4 36. Rxe4 R8a4 37. c5 Kg7 38. cxd6 Nd3 39. d7 Ra8 40. Re8 1-0


[Site "https://www.chess.com"]

[Event "Titled Tuesday Blitz July 26 Late 2022"]
[White "Prydun, Andriy"]
[Black "Alexiadis, Hristos"]
[WhiteFideId "14145898"]
[BlackFideId "4249623"]
[WhiteElo "2063"]
[BlackElo "2416"]
[Result "0-1"]
[Round "07"]
[TimeControl "180+1"]
[Date "2022.07.26"]
[WhiteClock "0:00:01"]
[BlackClock "0:00:28"]

1. e4 c5 2. Nf3 d6 3. c3 Nf6 4. h3 g6 5. Bd3 Bg7 6. Bc2 O-O 7. O-O e5 8. b3 Nc6 9. Bb2 d5 10. d3 d4 11. Nbd2 Ne8 12. a3 Nd6 13. b4 b6 14. Ba4 Bd7 15. Nc4 Nxc4 16. dxc4 Qe7 17. Nd2 Rfc8 18. Qb3 Be6 19. Bxc6 Rxc6 20. cxd4 cxd4 21. Rac1 b5 22. Qd3 bxc4 23. Nxc4 Rac8 24. Na5 Rxc1 25. Rxc1 Rxc1+ 26. Bxc1 Qc7 27. Bd2 h5 28. b5 Bf8 29. Nc6 Bd7 30. a4 Bc5 31. Ba5 Qd6 32. Qc4 d3 33. Bd2 Bxc6 34. bxc6 Qxc6 35. Qxd3 Qxa4 36. Qd8+ Kg7 37. Bg5 Qc6 38. h4 Qb6 39. Qe8 Bxf2+ 40. Kh2 Qe6 41. Bh6+ Kh7 42. Qf8 Qf6 43. Bg5 Qg7 44. Qe7 f6 45. Bxf6 Qxe7 46. Bxe7 Kg7 47. g3 Kf7 48. Bd8 Bb6 49. Bxb6 axb6 50. Kg2 g5 51. hxg5 Kg6 52. Kf2 Kxg5 0-1


[Site "https://www.chess.com"]

[Event "Titled Tuesday Blitz July 26 Late 2022"]
[White "Reprintsev, Alexander"]
[Black "Barria Zuniga, Daniel"]
[WhiteFideId "14100541"]
[BlackFideId "3400816"]
[WhiteElo "2108"]
[BlackElo "2414"]
[Result "0-1"]
[Round "07"]
[TimeControl "180+1"]
[Date "2022.07.26"]
[WhiteClock "0:01:05"]
[BlackClock "0:00:53"]

1. e4 c5 2. b3 Qa5 3. Bb2 Nf6 4. Bc3 Qc7 5. e5 Nd5 6. Nf3 Nc6 7. Qe2 g6 8. e6 f6 9. exd7+ Bxd7 10. g3 O-O-O 11. Bg2 e5 12. O-O Be6 13. Na3 Bg7 14. Nc4 Rhe8 15. Rfe1 b6 16. a4 Bf7 17. a5 b5 18. Ne3 a6 19. Nxd5 Bxd5 20. Nh4 f5 21. Bxd5 Rxd5 22. d3 Nd4 23. Bxd4 cxd4 24. Rac1 Kb8 25. c4 dxc3 26. d4 e4 27. f3 Rxd4 28. Red1 Rxd1+ 29. Qxd1 Rd8 30. Qe2 Rd2 31. Qf1 c2 32. fxe4 Bb2 33. Re1 c1=Q 34. Rxc1 Qxc1 35. Qxc1 Bxc1 36. exf5 gxf5 37. Nxf5 Rd7 0-1


[Site "https://www.chess.com"]

[Event "Titled Tuesday Blitz July 26 Late 2022"]
[White "Riehle, Marco"]
[Black "Pranav, V"]
[WhiteFideId "12904392"]
[BlackFideId "25060783"]
[WhiteElo "2462"]
[BlackElo "2380"]
[Result "0-1"]
[Round "07"]
[TimeControl "180+1"]
[Date "2022.07.26"]
[WhiteClock "0:01:02"]
[BlackClock "0:02:13"]

1. e4 e5 2. Nf3 Nc6 3. Bc4 Nf6 4. d4 exd4 5. O-O Nxe4 6. Nc3 Nxc3 7. bxc3 d5 8. Bd3 Be7 9. Re1 O-O 10. cxd4 h6 11. h3 Bd6 12. c3 Qf6 13. Bc2 Bf5 14. Be3 Rfe8 15. a4 Na5 16. Rb1 b6 17. Ra1 Nc4 18. Bb3 Nxe3 19. fxe3 c6 20. c4 Be4 21. Rf1 Qg6 22. cxd5 cxd5 23. Rc1 Rac8 24. Rxc8 Rxc8 25. Qe2 Bd3 26. Qf2 Bg3 27. Qd2 Bxf1 28. Kxf1 Qb1+ 29. Bd1 b5 30. axb5 Rc1 31. Ke2 Qxb5+ 0-1


[Site "https://www.chess.com"]

[Event "Titled Tuesday Blitz July 26 Late 2022"]
[White "Romanchuk, Viktor"]
[Black "Fieberg, Samuel"]
[WhiteFideId "14109271"]
[BlackFideId "12901717"]
[WhiteElo "2242"]
[BlackElo "2420"]
[Result "1-0"]
[Round "07"]
[TimeControl "180+1"]
[Date "2022.07.27"]
[WhiteClock "0:00:13"]
[BlackClock "0:00:17"]

1. d4 d5 2. c4 e6 3. Nc3 a6 4. Nf3 dxc4 5. a4 Nc6 6. e3 Na5 7. Ne5 c5 8. Nxc4 cxd4 9. Nxa5 Qxa5 10. Qxd4 Nf6 11. Bd2 Qc5 12. Qxc5 Bxc5 13. Rc1 Bb4 14. Bd3 Bd7 15. Ne4 Bxd2+ 16. Kxd2 Bc6 17. Nxf6+ gxf6 18. Rhg1 Ke7 19. a5 Rad8 20. Ke2 Rd6 21. Rc3 Rhd8 22. f3 Bb5 23. Rd1 f5 24. g3 Kf6 25. Rd2 e5 26. e4 f4 27. Rd1 h5 28. Rd2 h4 29. g4 Kg5 30. Rd1 f6 31. Rd2 h3 32. Rd1 Kh6 33. Rd2 Kg6 34. Rd1 R6d7 35. Rd2 Kg7 36. Rd1 Kf8 37. Rd2 Ke7 38. Rd1 Rd4 39. Rd2 R8d6 40. Rd1 Kd8 41. Rd2 Rb4 42. b3 Rxd3 43. Rdxd3+ Ke7 44. Kd2 Bxd3 45. Kxd3 Rb5 46. Kc2 Rxa5 47. Kb2 Kd7 48. Rd3+ Kc7 49. Rc3+ Kd7 50. Rd3+ Kc7 51. Rc3+ Kd6 52. Rd3+ Kc6 53. Rd8 Rc5 54. Rf8 Kb5 55. Rxf6 Rc7 56. Re6 Rd7 57. Rxe5+ Kb6 58. Rh5 Rd2+ 59. Ka3 Rxh2 60. g5 Rg2 61. Rxh3 Rxg5 62. Rh4 Kc5 63. Rxf4 b5 64. Rf5+ Rxf5 65. exf5 Kd5 66. Kb4 Ke5 67. Ka5 Kxf5 68. Kxa6 Kf4 69. Kxb5 Kxf3 70. Kc6 Ke4 71. b4 Kd4 72. b5 Kc4 73. b6 Kd4 74. b7 Ke5 75. b8=Q+ Ke6 76. Qd6+ Kf7 77. Qe5 Kg6 78. Qf4 Kg7 79. Kd6 Kg6 80. Ke6 Kg7 81. Qg5+ Kh7 82. Kf7 Kh8 83. Qh5# 1-0


[Site "https://www.chess.com"]